cohdb
Replays
Latest Replays
All Replays
Popular Replays
Top Player Replays
Match Explorer
How It Works
Community
CoH3 Stats
Reddit
Sign in to upload your games and track your stats! →
Sign in with Steam
Match 40979208
Unlisted
Match 40979208
Overview
Messages
Build Orders
End
Royal Engineer Section
Construct Section Command Post
Selects Canadian Shock Battlegroup
Infantry Section
ML 3-inch Mortar Team
Construct Field Infirmary
Construct Platoon Command Post
Selects Burnout
Burnout
VeeDemo
-ZharA-
Spirit
MZMZ
aciclovir
jerjawe
0
0
Comments
sign in to comment!
No comments posted yet!